General information
- name: BNet
- type: Ladder team game (AT/RT)
- host: Battle.net
- saver: brucewillisusa
map: TwistedMeadows
- players: 4
- length: 76:14
- speed: Fast
- version: 1.24 W3XP
- replay type: Public
» download(317 KB)
Players
team 1 (loser)
AlbertPujols (
teal | 40 APM | 3086 actions | 76:13)
10 Crypt Lord
3 Carrion Beetles
3 Spiked Carapace
1 Locust Swarm
3 Impale
» actions
| Assign group hotkey | 38 | |
| Basic commands | 2 | |
| Build / train | 92 | |
| Enter build submenu | 73 | |
| Enter hero's abilities submenu | 11 | |
| Give item / drop item | 8 | |
| Remove unit from queue | 1 | |
| Right click | 1112 | |
| Select / deselect | 851 | |
| Select group hotkey | 757 | |
| Use ability | 141 | |
3086 total
» units
| Acolyte | 28 | |
| Ghoul | 4 | |
| Crypt Fiend | 11 | |
| Frost Wyrm | 4 | |
| Goblin Zeppelin | 1 | |
48 total
» upgrades
| Creature Attack | 3 | |
| Creature Carapace | 3 | |
| Freezing Breath | 1 | |
| Web | 1 | |
| Backpack | 1 | |
9 total
» buildings
| Crypt | 4 | |
| Graveyard | 3 | |
| Ziggurat | 20 | |
| Altar of Darkness | 2 | |
| Necropolis | 13 | |
| Halls of the Dead | 2 | |
| Tomb of Relics | 3 | |
| Black Citadel | 1 | |
| Sacrificial Pit | 1 | |
| Boneyard | 1 | |
| Spirit Tower | 3 | |
53 total
» build order
00:09 Crypt
00:17 Graveyard
00:39 Ziggurat
00:58 Altar of Darkness
01:57 Necropolis
02:56 Halls of the Dead
03:29 Tomb of Relics
04:22 Ziggurat
05:20 Black Citadel
06:39 Sacrificial Pit
07:09 Ziggurat
08:00 Boneyard
09:57 Spirit Tower
10:00 Ziggurat
11:54 Ziggurat
13:26 Necropolis
15:13 Altar of Darkness
15:19 Crypt
16:27 Graveyard
17:30 Tomb of Relics
19:48 Ziggurat
28:12 Spirit Tower
28:13 Spirit Tower
30:04 Ziggurat
30:34 Necropolis
31:58 Necropolis
35:37 Halls of the Dead
35:55 Necropolis
36:33 Necropolis
40:56 Necropolis
43:44 Necropolis
43:52 Ziggurat
43:55 Ziggurat
44:03 Ziggurat
45:37 Ziggurat
45:48 Ziggurat
45:55 Tomb of Relics
46:03 Halls of the Dead
47:24 Ziggurat
47:26 Ziggurat
47:34 Crypt
51:51 Ziggurat
53:09 Graveyard
53:16 Necropolis
56:05 Ziggurat
56:35 Necropolis
58:26 Ziggurat
62:50 Ziggurat
64:59 Necropolis
65:20 Necropolis
65:58 Crypt
69:49 Ziggurat
73:28 Necropolis
75:54 Ziggurat
» items
| Scroll of Town Portal | 16 | |
| Orb of Corruption | 1 | |
17 total
ByTheWay (
blue | 41 APM | 3143 actions | 76:13)
9 Death Knight
3 Death Coil
3 Unholy Aura
1 Animate Dead
2 Death Pact
4 Lich
2 Frost Nova
2 Frost Armor
» actions
| Assign group hotkey | 23 | |
| Basic commands | 193 | |
| Build / train | 67 | |
| ESC pressed | 24 | |
| Enter build submenu | 20 | |
| Enter hero's abilities submenu | 13 | |
| Give item / drop item | 8 | |
| Right click | 1424 | |
| Select / deselect | 918 | |
| Select group hotkey | 294 | |
| Use ability | 159 | |
3143 total
» units
| Acolyte | 13 | |
| Ghoul | 4 | |
| Crypt Fiend | 7 | |
| Obsidian Statue | 2 | |
| Meatwagon | 3 | |
| Goblin Zeppelin | 1 | |
30 total
» upgrades
» buildings
| Graveyard | 1 | |
| Crypt | 1 | |
| Altar of Darkness | 1 | |
| Ziggurat | 5 | |
| Tomb of Relics | 3 | |
| Halls of the Dead | 5 | |
| Slaughterhouse | 1 | |
| Black Citadel | 2 | |
| Necropolis | 4 | |
| Spirit Tower | 1 | |
24 total
» build order
00:12 Graveyard
00:16 Crypt
00:44 Altar of Darkness
00:59 Ziggurat
01:28 Tomb of Relics
02:04 Ziggurat
03:53 Halls of the Dead
03:54 Halls of the Dead
04:15 Ziggurat
05:23 Ziggurat
06:24 Slaughterhouse
08:01 Black Citadel
10:46 Tomb of Relics
11:07 Ziggurat
11:24 Necropolis
13:08 Necropolis
14:25 Spirit Tower
15:21 Halls of the Dead
16:47 Necropolis
17:33 Necropolis
21:37 Tomb of Relics
28:46 Halls of the Dead
28:47 Halls of the Dead
» items
| Rod of Necromancy | 1 | |
| Scroll of Town Portal | 5 | |
| Orb of Corruption | 1 | |
| Staff of Teleportation | 1 | |
8 total
team 2 (winner)

»
avid.milk2 (
purple | 54 APM | 4088 actions | 76:13)
7 Archmage
2 Summon Water Elemental
3 Brilliance Aura
2 Blizzard
» actions
| Assign group hotkey | 84 | |
| Basic commands | 215 | |
| Build / train | 108 | |
| Enter build submenu | 95 | |
| Enter hero's abilities submenu | 6 | |
| Give item / drop item | 7 | |
| Right click | 1927 | |
| Select / deselect | 737 | |
| Select group hotkey | 691 | |
| Use ability | 217 | |
4088 total
» units
| Peasant | 30 | |
| Goblin Shredder | 2 | |
| Dragonhawk Rider | 5 | |
| Gryphon Rider | 14 | |
| Goblin Zeppelin | 1 | |
| Goblin Sapper | 1 | |
53 total
» upgrades
| Armor | 2 | |
| Storm Hammers | 1 | |
| Cloud | 1 | |
| Swords | 2 | |
| Plating | 2 | |
| Masonry | 1 | |
9 total
» buildings
| Altar of Kings | 2 | |
| Farm | 23 | |
| Lumber Mill | 2 | |
| Scout Tower | 42 | |
| Arcane Tower | 2 | |
| Guard Tower | 14 | |
| Arcane Vault | 2 | |
| Keep | 2 | |
| Blacksmith | 2 | |
| Gryphon Aviary | 7 | |
| Castle | 3 | |
| Town Hall | 4 | |
| Workshop | 4 | |
109 total
» build order
00:10 Altar of Kings
00:14 Farm
00:40 Lumber Mill
00:55 Scout Tower
00:58 Scout Tower
01:22 Farm
01:25 Arcane Tower
01:32 Scout Tower
01:58 Guard Tower
03:09 Farm
03:37 Arcane Vault
03:40 Scout Tower
03:43 Scout Tower
03:45 Scout Tower
03:46 Scout Tower
04:03 Scout Tower
04:33 Keep
04:34 Guard Tower
04:35 Guard Tower
04:36 Guard Tower
04:38 Blacksmith
04:42 Scout Tower
04:48 Scout Tower
05:14 Farm
05:49 Guard Tower
05:49 Guard Tower
07:06 Gryphon Aviary
07:08 Gryphon Aviary
07:15 Gryphon Aviary
08:41 Castle
08:42 Castle
08:43 Farm
08:45 Farm
08:47 Farm
08:48 Farm
08:52 Farm
08:54 Farm
08:55 Farm
09:23 Scout Tower
09:24 Scout Tower
09:25 Scout Tower
09:25 Scout Tower
09:28 Scout Tower
09:28 Scout Tower
09:47 Farm
09:55 Guard Tower
12:16 Farm
12:17 Farm
12:19 Farm
12:22 Farm
12:25 Farm
12:34 Farm
15:32 Scout Tower
15:32 Scout Tower
15:33 Scout Tower
15:34 Scout Tower
15:37 Scout Tower
15:38 Scout Tower
15:38 Scout Tower
15:40 Scout Tower
15:40 Scout Tower
15:40 Scout Tower
15:42 Scout Tower
15:42 Scout Tower
15:43 Scout Tower
15:44 Scout Tower
15:44 Scout Tower
16:20 Guard Tower
17:43 Guard Tower
18:00 Guard Tower
19:11 Guard Tower
19:11 Guard Tower
19:29 Scout Tower
19:30 Scout Tower
19:30 Scout Tower
19:30 Scout Tower
19:30 Scout Tower
19:31 Scout Tower
38:20 Altar of Kings
40:01 Town Hall
48:24 Town Hall
51:19 Farm
51:20 Farm
51:21 Farm
52:06 Keep
52:11 Blacksmith
52:16 Arcane Vault
52:21 Lumber Mill
53:58 Farm
53:59 Farm
58:38 Town Hall
61:08 Castle
61:14 Workshop
61:15 Workshop
61:17 Workshop
62:45 Gryphon Aviary
62:45 Gryphon Aviary
62:46 Gryphon Aviary
62:48 Gryphon Aviary
73:31 Town Hall
73:41 Scout Tower
73:42 Scout Tower
73:43 Scout Tower
73:46 Scout Tower
75:09 Arcane Tower
75:30 Guard Tower
75:30 Guard Tower
76:11 Workshop
» items
| Boots of Speed | 2 | |
| Staff of Teleportation | 2 | |
| Scroll of Town Portal | 3 | |
| Staff of Sanctuary | 1 | |
| Potion of Invisibility | 1 | |
| Tome of Retraining | 1 | |
| Scroll of Healing | 1 | |
| Scroll of Regeneration | 1 | |
12 total

»
brucewillisusa (
yellow | 59 APM | 4532 actions | 76:14)
8 Archmage
3 Summon Water Elemental
3 Brilliance Aura
1 Mass Teleport
1 Blizzard
» actions
| Assign group hotkey | 188 | |
| Basic commands | 74 | |
| Build / train | 168 | |
| ESC pressed | 8 | |
| Enter build submenu | 64 | |
| Enter hero's abilities submenu | 8 | |
| Give item / drop item | 9 | |
| Right click | 1609 | |
| Select / deselect | 1011 | |
| Select group hotkey | 1021 | |
| Use ability | 372 | |
4532 total
» units
| Peasant | 20 | |
| Goblin Shredder | 2 | |
| Mortar Team | 10 | |
| Goblin Sapper | 4 | |
| Goblin Zeppelin | 11 | |
| Siege Engine | 17 | |
64 total
» upgrades
| Masonry | 3 | |
| Gunpowder | 3 | |
| Fragmentation Shards | 1 | |
| Flare | 1 | |
| Armor | 3 | |
| Flak Cannons | 1 | |
| Barrage | 1 | |
| Plating | 3 | |
16 total
» buildings
| Altar of Kings | 1 | |
| Farm | 9 | |
| Lumber Mill | 1 | |
| Scout Tower | 64 | |
| Arcane Tower | 1 | |
| Guard Tower | 29 | |
| Keep | 1 | |
| Town Hall | 3 | |
| Blacksmith | 1 | |
| Castle | 1 | |
| Workshop | 3 | |
| Arcane Vault | 2 | |
| Arcane Sanctum | 1 | |
117 total
» build order
00:09 Altar of Kings
00:12 Farm
00:50 Lumber Mill
01:01 Scout Tower
01:24 Farm
01:27 Arcane Tower
01:59 Scout Tower
03:11 Farm
03:16 Scout Tower
03:22 Scout Tower
03:24 Scout Tower
03:25 Scout Tower
03:37 Scout Tower
03:49 Guard Tower
03:50 Guard Tower
03:53 Guard Tower
03:55 Guard Tower
04:35 Keep
04:57 Scout Tower
04:58 Scout Tower
04:59 Scout Tower
05:00 Scout Tower
05:10 Scout Tower
05:11 Scout Tower
05:25 Guard Tower
05:26 Scout Tower
05:28 Scout Tower
05:29 Guard Tower
05:53 Town Hall
05:55 Guard Tower
06:14 Guard Tower
06:28 Guard Tower
06:39 Blacksmith
07:26 Castle
07:49 Workshop
07:53 Workshop
07:55 Workshop
07:57 Scout Tower
07:58 Scout Tower
07:58 Scout Tower
08:00 Scout Tower
08:13 Scout Tower
08:14 Scout Tower
08:17 Scout Tower
08:27 Guard Tower
08:32 Guard Tower
08:56 Guard Tower
09:08 Guard Tower
09:11 Farm
09:13 Farm
09:23 Arcane Vault
09:30 Farm
11:21 Farm
11:21 Farm
11:23 Farm
12:37 Guard Tower
17:36 Scout Tower
17:36 Scout Tower
17:38 Scout Tower
17:39 Scout Tower
17:39 Scout Tower
18:10 Guard Tower
18:20 Arcane Vault
18:36 Guard Tower
19:46 Guard Tower
21:50 Arcane Sanctum
34:33 Town Hall
35:41 Scout Tower
35:41 Scout Tower
36:30 Guard Tower
36:33 Scout Tower
36:33 Scout Tower
36:34 Scout Tower
37:04 Guard Tower
37:34 Scout Tower
37:35 Scout Tower
37:36 Scout Tower
39:16 Guard Tower
39:18 Scout Tower
39:21 Scout Tower
39:22 Scout Tower
39:24 Scout Tower
41:28 Guard Tower
42:14 Scout Tower
42:15 Scout Tower
42:17 Scout Tower
42:17 Scout Tower
43:28 Guard Tower
46:52 Scout Tower
46:53 Scout Tower
46:54 Scout Tower
46:55 Scout Tower
46:56 Scout Tower
46:57 Scout Tower
49:10 Guard Tower
49:16 Scout Tower
49:16 Scout Tower
49:18 Scout Tower
49:18 Scout Tower
49:18 Scout Tower
49:46 Guard Tower
50:21 Guard Tower
50:23 Scout Tower
50:24 Scout Tower
50:24 Scout Tower
50:25 Scout Tower
50:26 Scout Tower
50:26 Scout Tower
50:27 Scout Tower
50:43 Guard Tower
51:22 Guard Tower
51:26 Scout Tower
51:26 Scout Tower
51:27 Scout Tower
52:13 Guard Tower
60:40 Town Hall
62:11 Guard Tower
» items
| Scroll of Regeneration | 11 | |
| Scroll of Town Portal | 28 | |
| Staff of Sanctuary | 1 | |
| Potion of Healing | 5 | |
| Potion of Mana | 1 | |
46 total
Chat log
(00:15 / Allies) brucewillisusa: go dual am
(00:17 / Allies) brucewillisusa: with elementals
(00:24 / Allies) brucewillisusa: or wait
(00:25 / Allies) brucewillisusa: no
(00:26 / Allies) avid.milk2: units??
(00:26 / Allies) brucewillisusa: lets do towers
(00:29 / Allies) brucewillisusa: i dont want to do h=units
(00:33 / Allies) brucewillisusa: id rather lsoe iwth towers
(00:35 / Allies) brucewillisusa: than do units
(01:15 / Allies) brucewillisusa: fast creep that
(01:17 / Allies) brucewillisusa: with elemental
(01:19 / Allies) brucewillisusa: dont bother going blizz
(01:32 / Allies) brucewillisusa: elemental and miltia
(01:35 / Allies) brucewillisusa: as soon as ur hero comes out
(01:44 / Allies) brucewillisusa: leave buildings hafl built if u have to
(01:46 / Allies) brucewillisusa: but dont take miners
(03:44 / Allies) brucewillisusa: wait for peons
(03:45 / Allies) brucewillisusa: then
(04:43 / Allies) brucewillisusa: shit need wood bad
(04:53 / Allies) brucewillisusa: shredder
(04:54 / Allies) brucewillisusa: soon
(06:48 / Allies) brucewillisusa: we can take the big one
(06:50 / Allies) brucewillisusa: with elementsl
(06:54 / Allies) avid.milk2: what i get
(06:56 / Allies) avid.milk2: caster?
(06:57 / Allies) avid.milk2: mort?
(06:58 / Allies) avid.milk2: air?
(06:59 / Allies) brucewillisusa: air
(08:39 / Allies) avid.milk2: ionc
(08:40 / Allies) brucewillisusa: ya
(09:05 / Allies) brucewillisusa: u dont have as many wtoers
(13:13 / Allies) brucewillisusa: u gonna get units?
(13:14 / Allies) brucewillisusa: go hit expo
(13:17 / Allies) brucewillisusa: hurry
(13:41 / Allies) brucewillisusa: gogogo
(13:43 / Allies) brucewillisusa: u r distract
(13:54 / Allies) brucewillisusa: TOO SLOW
(13:55 / Allies) brucewillisusa: AHHHH
(13:58 / Allies) avid.milk2: loos like ur the main event :S
(14:04 / Allies) brucewillisusa: get aco
(14:05 / Allies) brucewillisusa: aco
(15:12 / Allies) brucewillisusa: U CANT CKILL 2 STATS?
(15:20 / Allies) brucewillisusa: GO THERE THEN
(15:29 / Allies) brucewillisusa: UNDEFENDED
(15:30 / Allies) brucewillisusa: STTUES
(16:44 / Allies) avid.milk2: i hit main?
(16:53 / Allies) avid.milk2: expo
(17:00 / Allies) brucewillisusa: GO TP
(17:04 / Allies) brucewillisusa: GOT!
(17:04 / Allies) brucewillisusa: GOT?
(17:07 / Allies) avid.milk2: ta
(17:09 / Allies) brucewillisusa: GOGO
(18:39 / All) brucewillisusa: U GUYS JUST HERE
(18:42 / All) brucewillisusa: HOPING FOR A "LUCKY BREAK"
(18:45 / All) brucewillisusa: LIKE WE FORGET TP?
(18:46 / All) brucewillisusa: UR HORRIBLE
(18:48 / All) brucewillisusa: U CANT WIN
(18:49 / Allies) brucewillisusa: JKUST LEAVE
(18:51 / All) brucewillisusa: JSUT LEAVE
(19:02 / Allies) brucewillisusa: ?????
(19:55 / Allies) brucewillisusa: HE SAW U
(19:57 / Allies) brucewillisusa: CARE
(20:10 / Allies) brucewillisusa: BIG FIGHT
(20:11 / Allies) brucewillisusa: GOGO
(20:20 / Allies) brucewillisusa: HIT FROM NROTH
(21:07 / Allies) brucewillisusa: WOW
(21:26 / All) ByTheWay: shitt.....
(21:32 / All) brucewillisusa: ENGLIHS?
(21:57 / Allies) brucewillisusa: can u do that
(21:58 / Allies) avid.milk2: i haven o mine
(21:58 / Allies) brucewillisusa: withahwks?
(22:06 / Allies) avid.milk2: 3 hawks isnt enof
(22:31 / Allies) brucewillisusa: wtf
(23:00 / Allies) brucewillisusa: holy shit that suicide run
(23:01 / Allies) brucewillisusa: hurt us
(24:47 / Allies) brucewillisusa: :)
(25:39 / Allies) brucewillisusa: get botos and retrain bliss
(25:42 / All) ByTheWay: You guys want to stop wasting our time now>
(26:56 / Allies) avid.milk2: use a aoe heal scroll plz
(27:10 / Allies) brucewillisusa: :[
(27:14 / Allies) brucewillisusa: we cant take?
(27:30 / All) ByTheWay: Why are you guys so quiet right now?>
(28:30 / Allies) brucewillisusa: go
(28:57 / Allies) brucewillisusa: staff
(29:02 / Allies) brucewillisusa: 1 more wave
(29:19 / Allies) brucewillisusa: need hawks
(29:26 / Allies) brucewillisusa: care
(29:33 / Allies) brucewillisusa: bacvk over water
(31:27 / Allies) avid.milk2: ?
(31:41 / Allies) brucewillisusa: cover me
(31:42 / Allies) brucewillisusa: ibn corner
(31:43 / Allies) brucewillisusa: with hawks
(32:29 / Allies) avid.milk2: wtf
(32:31 / Allies) avid.milk2: theres stuff on the shor
(32:35 / Allies) avid.milk2: trying to get to ur hero
(32:50 / Allies) brucewillisusa: gold ,e
(33:22 / Allies) brucewillisusa: i need to staff there
(33:26 / Allies) brucewillisusa: or there
(33:48 / Allies) brucewillisusa: if ghe goes over trees
(33:50 / Allies) brucewillisusa: wtih wyrms
(33:55 / Allies) brucewillisusa: but dont get wwebbed
(34:01 / Allies) brucewillisusa: going
(35:07 / Allies) avid.milk2: if they run outof beuildings we win rite
(35:10 / Allies) brucewillisusa: ya
(35:11 / Allies) brucewillisusa: dont suicide tho
(35:35 / Allies) brucewillisusa: b
(35:44 / Allies) brucewillisusa: GO
(35:44 / Allies) brucewillisusa: NOW
(35:45 / Allies) brucewillisusa: GO
(35:46 / Allies) brucewillisusa: HAWKS
(35:46 / Allies) brucewillisusa: GO
(35:47 / Allies) brucewillisusa: NOW
(35:47 / Allies) brucewillisusa: GO
(35:48 / Allies) brucewillisusa: NOW
(35:58 / Allies) avid.milk2: did he see u?
(36:00 / Allies) brucewillisusa: HE PINGED
(37:17 / Allies) avid.milk2: damn so clsoe
(37:19 / Allies) avid.milk2: fucking dota
(38:10 / Allies) brucewillisusa: get hero back
(38:49 / Allies) brucewillisusa: stay near
(39:12 / Allies) brucewillisusa: care
(39:41 / Allies) brucewillisusa: expo
(39:52 / Allies) avid.milk2: 100 more
(40:07 / Allies) brucewillisusa: care
(40:23 / Allies) brucewillisusa: :[
(40:26 / Allies) avid.milk2: oops ourch oops ouch oops ouch
(40:58 / Allies) brucewillisusa: those acos die
(41:00 / Allies) brucewillisusa: adn they cant rebuild
(41:20 / Allies) brucewillisusa: nvm
(41:20 / Allies) brucewillisusa: jk
(41:24 / Allies) brucewillisusa: dont suicide for it
(41:43 / Allies) avid.milk2: my heros back
(41:46 / Allies) avid.milk2: but what cna i do with it
(41:48 / Allies) brucewillisusa: can u clear that
(41:51 / Allies) brucewillisusa: with hawks?
(42:31 / Allies) avid.milk2: i want a zep ride over
(42:35 / Allies) avid.milk2: so i can blizz
(42:48 / Allies) avid.milk2: they are checking expos
(44:25 / Allies) avid.milk2: cant u tank his main?
(45:32 / Allies) avid.milk2: my expo
(45:33 / Allies) avid.milk2: they see it
(46:25 / Allies) brucewillisusa: care
(47:43 / Allies) avid.milk2: bettom left mine is clear
(49:05 / Allies) brucewillisusa: can u get acos?
(49:15 / Allies) avid.milk2: not while hes there
(49:22 / Allies) brucewillisusa: hes miles
(49:23 / Allies) brucewillisusa: from them
(49:25 / Allies) brucewillisusa: u coudl treline
(49:34 / Allies) avid.milk2: as da peon says
(49:35 / Allies) avid.milk2: ill try
(49:56 / Allies) avid.milk2: lagger gryphon
(50:33 / Allies) brucewillisusa: nah
(50:35 / Allies) brucewillisusa: hes on high alert
(50:36 / Allies) brucewillisusa: wait a bit
(51:30 / Allies) brucewillisusa: dont make wood guys
(51:37 / Allies) avid.milk2: theyre builderds
(51:48 / Allies) avid.milk2: agh shit
(51:53 / Allies) avid.milk2: he learned how to divvy up his fiends
(52:01 / Allies) brucewillisusa: ndeed
(52:18 / Allies) brucewillisusa: go
(52:27 / Allies) avid.milk2: gio where
(52:33 / All) brucewillisusa: THERE
(52:34 / Allies) brucewillisusa: ACOS
(52:52 / Allies) brucewillisusa: EHHE
(52:53 / Allies) brucewillisusa: JK
(53:13 / All) brucewillisusa: nioce coil
(53:16 / Allies) avid.milk2: lel
(53:23 / Allies) avid.milk2: top epox
(53:24 / Allies) avid.milk2: shit
(53:33 / Allies) brucewillisusa: GIOLD ME
(53:44 / Allies) avid.milk2: what should i make
(53:45 / Allies) avid.milk2: knights?
(53:51 / Allies) brucewillisusa: no
(53:52 / Allies) brucewillisusa: hoard
(53:53 / Allies) brucewillisusa: and exspo more
(54:26 / Allies) avid.milk2: dk has no orb
(54:28 / Allies) brucewillisusa: no more bone wyrms
(54:29 / Allies) avid.milk2: wish i still had all my air
(54:58 / All) brucewillisusa: "why u still wasting our time derp derp"
(55:25 / Allies) avid.milk2: u gon get stunend
(55:27 / Allies) avid.milk2: and cloiled
(55:30 / Allies) avid.milk2: here it ocmes
(56:34 / Allies) avid.milk2: if we had lvel 10 paladins
(56:37 / Allies) brucewillisusa: gold
(56:38 / Allies) avid.milk2: we could wakn in and win now
(56:52 / Allies) avid.milk2: we need top left but idk if i can take it
(56:55 / Allies) avid.milk2: in fact i think i cant
(57:11 / All) brucewillisusa: reality check
(57:11 / Allies) avid.milk2: u could
(57:13 / All) brucewillisusa: u guys think u gonna win?
(57:14 / Allies) avid.milk2: make mass elementals
(57:16 / Allies) avid.milk2: and mass tp here
(57:18 / Allies) avid.milk2: and tanks would shoot air
(57:19 / All) brucewillisusa: "u quiet now"
(57:21 / Allies) avid.milk2: then we can get top left
(57:22 / Allies) avid.milk2: for sure
(57:25 / All) ByTheWay: Hey, play the game
(57:28 / All) brucewillisusa: LOL
(57:28 / All) ByTheWay: stop stalling
(57:29 / All) brucewillisusa: U MAD?
(57:42 / Allies) avid.milk2: im going top left
(57:45 / Allies) avid.milk2: u gonna come or not?
(57:46 / Allies) avid.milk2: or rather
(57:47 / Allies) avid.milk2: dont
(58:28 / Allies) avid.milk2: he sees ur blimp
(58:29 / Allies) avid.milk2: lol
(58:32 / Allies) avid.milk2: shit he has a blimop
(58:33 / Allies) avid.milk2: he could invade
(59:17 / All) brucewillisusa: i like how u guys dont even beatle scout anymore
(59:26 / All) brucewillisusa: lazy noobs
(59:33 / All) brucewillisusa: sitting with ur fat finger on the coil button
(59:47 / Allies) avid.milk2: thgis is like a perch game now
(59:48 / Allies) avid.milk2: i liek ti
(60:06 / Allies) avid.milk2: u take top left?
(60:08 / Allies) avid.milk2: dont settle htere
(60:18 / Allies) avid.milk2: beetle scout sprinting straight othat mine
(60:34 / Allies) brucewillisusa: GOLD MILORD
(60:41 / All) ByTheWay: shitttt.......
(60:54 / Allies) brucewillisusa: WE LOSE NOW
(61:04 / Allies) avid.milk2: why
(61:05 / Allies) brucewillisusa: make tanks
(61:10 / Allies) brucewillisusa: no more custom gaming
(61:15 / Allies) brucewillisusa: GOLD
(61:35 / Allies) brucewillisusa: what do you mean why
(61:38 / Allies) brucewillisusa: because i lost my hero and all my tanks
(61:45 / Allies) avid.milk2: ophj
(62:35 / Allies) brucewillisusa: ...
(62:59 / Allies) brucewillisusa: go suicide blizz
(63:01 / Allies) brucewillisusa: on those acfos
(63:19 / Allies) brucewillisusa: actually lemme use ur shreder
(63:55 / Allies) avid.milk2: so should i scuicide bliz
(63:56 / Allies) avid.milk2: orn ot
(64:00 / Allies) brucewillisusa: no
(65:20 / Allies) avid.milk2: i am going to sapper their gy now
(65:21 / Allies) avid.milk2: !~!!
(65:34 / Allies) brucewillisusa: crpy
(66:06 / Allies) avid.milk2: excelelnt
(66:08 / All) brucewillisusa: how much gold u filthy beaners got
(67:07 / Allies) avid.milk2: a peon
(67:12 / Allies) avid.milk2: ill get it
(67:57 / Allies) brucewillisusa: u mined 15000 gold
(69:01 / Allies) avid.milk2: i can treeline again
(69:16 / All) brucewillisusa: nooooobs
(69:40 / Allies) avid.milk2: it ends now
(69:41 / Allies) avid.milk2: lol
(69:45 / Allies) avid.milk2: should i pull back
(69:45 / Allies) avid.milk2: about to suicide air
(69:45 / Allies) brucewillisusa: yeah
(70:21 / Allies) avid.milk2: get yoru hero in here
(70:24 / Allies) avid.milk2: aww
(70:31 / Allies) brucewillisusa: that cant hit hte big one
(70:32 / Allies) brucewillisusa: noen of it
(70:34 / Allies) avid.milk2: we're down to one mine with 5k
(70:35 / Allies) brucewillisusa: netiher can blizzard
(70:36 / Allies) brucewillisusa: u have one unit
(70:39 / Allies) brucewillisusa: that can hit the bg one
(70:43 / Allies) avid.milk2: dats y elementals
(70:44 / Allies) brucewillisusa: 33 damage
(70:50 / Allies) avid.milk2: 66 damage with 2 of us
(70:53 / Allies) avid.milk2: plus elemenetlalals
(70:58 / Allies) avid.milk2: he has not ogld
(70:59 / All) brucewillisusa: maybe u should sell your shitnoob orbs
(70:59 / Allies) avid.milk2: ROFL
(71:02 / All) brucewillisusa: and buy a base
(71:46 / All) brucewillisusa: sell ur shitnoob items
(71:47 / All) brucewillisusa: shitnoobs
(72:27 / Allies) avid.milk2: gimem gold for an expo
(72:38 / Allies) avid.milk2: wait
(72:39 / Allies) avid.milk2: not hyet
(72:42 / Allies) avid.milk2: now
(72:43 / Allies) avid.milk2: im under food
(73:22 / Allies) avid.milk2: gold for expo
(73:23 / Allies) avid.milk2: gimme it
(73:52 / Allies) brucewillisusa: fuck theyre mining again
(73:54 / Allies) brucewillisusa: go kill their acos
(73:55 / Allies) brucewillisusa: from south
(74:02 / Allies) brucewillisusa: those shitbirds are worthless
(74:08 / Allies) brucewillisusa: they wotn come into play vs fiendlords
(74:12 / Allies) brucewillisusa: wait
(74:13 / Allies) brucewillisusa: for my mass tp
(74:15 / Allies) brucewillisusa: then go after acos
(74:22 / Allies) brucewillisusa: *from south
(74:27 / Allies) brucewillisusa: gogoogog
(75:34 / Allies) avid.milk2: sghould i make nights or wat
(75:35 / Allies) brucewillisusa: 1 aco
(75:35 / Allies) brucewillisusa: damn
(75:38 / Allies) brucewillisusa: get tanks
(76:04 / Allies) avid.milk2: y did u kill all my peon
(76:07 / Allies) avid.milk2: now i have to make new ones to build